Map: Dusty Gorge

Players

OpuS

  • Race: Protoss Protoss
  • Spawn Location: 5:00

Sketchaphone

  • Race: Zerg Zerg
  • Spawn Location: 3:00

Hotahota - Winner!

  • Race: Protoss Protoss
  • Spawn Location: 9:00

Blunty - Winner!

  • Race: Terran Terran
  • Spawn Location: 11:00

VOD

Have the link to the VOD?

Description

Time

  • Played on: Jan. 22, 2019, 1:20 p.m.
  • Length: 11:14
Show
View Real Time Build Order
Export as new Build Order

OpuS Protoss 

Build Orders: Chargelot Immortal 

Get SALT Encoding   

  12  0:01  Probe  
  13  0:13  Probe  
  14  0:23  Pylon  
  14  0:25  Probe  
  15  0:41  Probe  
  16  0:47  Gateway  
  16  0:52  Probe  
  16  0:56  Assimilator  
  17  1:00  Probe  
  17  1:09  Probe  
  19  1:26  Probe  
  20  1:34  Probe  
  20  1:37  Cybernetics Core  
  21  1:49  Nexus  
  21  2:02  Pylon  
  21  2:13  Probe  
  22  2:20  Warp Gate  
  22  2:21  Robotics Facility  
  22  2:25  Probe  
  23  2:37  Probe  
  24  2:44  Assimilator  
  24  2:49  Probe  
  24  2:50  Stalker  
  25  3:01  Probe  
  28  3:12  Probe  
  29  3:13  Probe  
  29  3:20  Gateway  
  29  3:22  Gateway  
  29  3:25  Probe  
  29  3:26  Probe  
  31  3:31  Observer  
  32  3:48  Robotics Bay  
  32  3:52  Pylon  
  32  3:58  Stalker  
  32  4:01  Probe  
  35  4:04  Probe  
  35  4:05  Nexus  
  35  4:07  Observer  
  37  4:19  Probe x2  
  37  4:20  Stalker  
  41  4:24  Stalker  
  43  4:34  Observer  
  44  4:39  Stalker  
  44  4:42  Probe  
  44  4:43  Probe  
  48  4:54  Probe, Assimilator  
  48  4:55  Probe  
  48  4:56  Pylon  
  48  4:58  Assimilator  
  48  4:59  Stalker  
  52  5:06  Stalker  
  54  5:07  Observer  
  54  5:14  Probe x2  
  54  5:16  Pylon  
  54  5:17  Pylon  
  56  5:24  Observer  
  56  5:27  Probe x2  
  59  5:33  Stalker x2  
  63  5:38  Immortal  
  63  5:39  Probe x2  
  69  5:51  Probe  
  69  5:54  Zealot  
  69  5:56  Zealot  
  74  5:57  Zealot  
  75  6:10  Gateway  
  75  6:12  Gateway  
  75  6:13  Gateway  
  75  6:25  Immortal  
  75  6:27  Probe x2  
  75  6:30  Probe  
  75  6:31  Zealot x3  
  84  6:39  Probe  
  89  6:51  Twilight Council  
  85  6:55  Robotics Facility  
  83  7:05  Probe x3  
  83  7:07  Immortal  
  90  7:17  Probe  
  77  7:26  Pylon  
  77  7:27  Zealot x6  
  77  7:28  Pylon  
  85  7:32  Charge  
  85  7:46  Immortal x2  
  89  8:00  Zealot x3  
  89  8:01  Probe  
  89  8:02  Probe  
  89  8:04  Probe  
  98  8:11  Zealot  
  98  8:12  Zealot x2  
  104  8:18  Probe x2  
  104  8:19  Probe  
  107  8:22  Assimilator  
  107  8:26  Assimilator  
  107  8:28  Templar Archives  
  107  8:32  Pylon  
  107  8:33  Pylon  
  107  8:34  Pylon  
  107  8:45  Forge  
  107  8:48  Immortal  
  109  8:50  Zealot x2  
  109  8:51  Zealot x4  
  117  9:00  Probe x3  
  120  9:09  Immortal  
  91  9:26  Disruptor  
  94  9:32  Zealot x4  
  94  9:33  Zealot  
  97  9:48  Disruptor  
  94  9:57  Probe x3  
  97  10:02  Disruptor  
  100  10:09  Probe  
  100  10:11  Gateway  
  101  10:16  Gateway  
  101  10:17  Forge  
  101  10:22  Forge  
  101  10:23  Disruptor  
  101  10:26  Pylon  
  101  10:28  Pylon  
  77  10:51  Probe  
  77  10:52  Probe x2  
Show
View Real Time Build Order
Export as new Build Order

Sketchaphone Zerg 

Build Orders: Hatch First 

Get SALT Encoding   

  12  0:01  Drone  
  13  0:13  Overlord  
  13  0:18  Drone  
  14  0:28  Drone, Extractor  
  14  0:32  Drone  
  14  0:35  Drone  
  17  1:01  Drone  
  17  1:03  Hatchery  
  17  1:04  Extractor  
  17  1:08  Drone  
  17  1:17  Drone  
  18  1:20  Drone  
  19  1:31  Spawning Pool  
  19  1:32  Drone  
  19  1:43  Drone  
  20  1:50  Drone  
  21  2:00  Overlord  
  21  2:15  Drone  
  22  2:16  Drone  
  22  2:17  Metabolic Boost  
  22  2:19  Queen  
  25  2:25  Drone  
  25  2:27  Drone  
  27  2:33  Drone  
  28  2:40  Overlord  
  28  2:45  Queen  
  29  3:08  Drone x2  
  29  3:25  Drone x5  
  33  3:34  Drone  
  34  3:42  Overlord, Drone  
  35  3:50  Drone  
  35  3:54  Lair  
  36  3:58  Pneumatized Carapace  
  36  4:08  Hatchery  
  35  4:14  Overlord, Zergling x4  
  35  4:15  Zergling x4  
  35  4:16  Drone x2  
  41  4:18  Drone x2  
  41  4:19  Drone  
  43  4:58  Drone x2  
  45  5:01  Queen  
  45  5:05  Drone  
  45  5:06  Drone  
  49  5:07  Extractor  
  49  5:11  Extractor  
  49  5:12  Evolution Chamber x2, Extractor  
  44  5:15  Drone x2  
  44  5:16  Overlord  
  46  5:23  Drone  
  46  5:24  Overlord, Drone  
  46  5:27  Drone x2  
  50  5:40  Spire  
  49  5:49  Zerg Missile Weapons Level 1  
  49  5:53  Roach Warren  
  48  5:57  Zerg Ground Armor Level 1  
  48  6:18  Zergling x26  
  61  6:24  Spore Crawler  
  60  6:39  Overlord x2  
  58  6:58  Roach x2, Mutalisk x2  
  58  6:59  Mutalisk x2  
  58  7:00  Drone x2, Mutalisk  
  62  7:10  Roach x3  
  68  7:16  Drone  
  68  7:20  Evolution Chamber  
  68  7:24  Overlord x2  
  66  7:40  Drone  
  66  7:43  Hatchery  
  62  8:01  Drone  
  62  8:02  Drone  
  64  8:17  Drone  
  64  8:18  Overlord, Drone  
  64  8:19  Mutalisk x2  
  70  8:20  Zerg Flyer Weapons Level 1, Mutalisk  
  70  8:21  Mutalisk  
  70  8:22  Drone  
  70  8:23  Overlord  
  70  8:24  Glial Reconstitution  
  75  8:27  Zerg Melee Weapons Level 1  
  75  8:40  Overlord x2  
  75  8:41  Drone  
  75  8:42  Drone  
  77  8:56  Overlord, Hatchery  
  77  9:01  Roach x6  
  87  9:05  Roach  
  87  9:06  Zergling x2  
  86  9:30  Roach  
  86  9:31  Roach x4  
  93  9:33  Roach  
  93  9:34  Roach x3  
  100  9:41  Overlord  
  94  10:06  Roach x2  
  98  10:12  Hydralisk Den  
  59  10:46  Ravager x3  
  59  10:48  Roach x8  
  59  10:49  Roach  
Show
View Real Time Build Order
Export as new Build Order

Hotahota Protoss - Winner!

Build Orders: 1 Gate Expand, Zealot Archon 

Get SALT Encoding   

  12  0:00  Probe  
  13  0:13  Probe  
  14  0:19  Pylon  
  14  0:25  Probe  
  15  0:37  Probe  
  15  0:42  Gateway  
  16  0:49  Probe  
  17  1:01  Probe  
  18  1:13  Probe  
  19  1:23  Nexus  
  19  1:32  Cybernetics Core  
  19  1:37  Assimilator  
  19  1:42  Assimilator  
  19  1:45  Probe  
  20  1:52  Pylon  
  20  1:57  Probe  
  21  2:06  Stalker  
  21  2:09  Probe  
  24  2:21  Probe  
  25  2:23  Warp Gate  
  25  2:35  Zealot  
  27  2:39  Forge  
  27  2:45  Probe x2  
  29  2:59  Probe x2  
  29  3:03  Twilight Council  
  31  3:11  Probe x2  
  33  3:18  Pylon  
  33  3:25  Photon Cannon  
  33  3:30  Probe x2  
  35  3:37  Charge  
  35  3:38  Photon Cannon  
  35  3:42  Probe x2  
  37  3:51  Pylon  
  37  3:59  Probe x2  
  37  4:02  Pylon  
  39  4:11  Probe x2  
  41  4:20  Gateway  
  41  4:23  Probe x2, Gateway  
  43  4:27  Gateway  
  43  4:36  Gateway  
  43  4:40  Gateway  
  43  4:42  Assimilator  
  43  4:46  Assimilator  
  43  4:54  Zealot  
  43  4:55  Shield Battery  
  45  5:00  Protoss Ground Weapons Level 1  
  45  5:01  Photon Cannon  
  45  5:06  Templar Archives  
  45  5:12  Probe x2  
  47  5:17  Sentry  
  49  5:24  Probe  
  49  5:25  Probe  
  51  5:29  Zealot, Gateway  
  51  5:33  Zealot, Gateway  
  55  5:37  Probe x2  
  57  5:59  Robotics Facility  
  57  6:01  Pylon  
  57  6:03  Pylon  
  57  6:05  Pylon  
  57  6:08  Pylon, High Templar x4  
  65  6:17  Gateway  
  65  6:19  Archon x2  
  65  6:24  Blink  
  65  6:37  Stalker x4  
  73  6:50  Warp Prism  
  73  6:52  Nexus  
  73  6:53  Zealot x2  
  73  7:02  Zealot x3  
  76  7:26  Observer  
  76  7:27  Probe  
  78  7:41  Photon Cannon  
  78  7:45  Nexus, Photon Cannon x2  
  78  7:46  Protoss Ground Weapons Level 2  
  78  7:50  Photon Cannon  
  78  7:52  High Templar  
  78  7:53  High Templar x3  
  78  7:56  Archon  
  78  7:57  Archon  
  86  8:08  Pylon  
  86  8:10  Pylon  
  86  8:14  Stalker x4, Pylon  
  86  8:16  Assimilator  
  94  8:20  Assimilator  
  94  8:26  Zealot x4  
  102  9:07  Photon Cannon  
  102  9:10  Photon Cannon  
  102  9:13  Probe x3  
  102  9:14  Photon Cannon  
  105  9:17  Photon Cannon  
  105  9:22  Shield Battery  
  101  9:25  Probe x3  
  101  9:31  Zealot x6  
  108  9:32  Zealot  
  108  9:33  Zealot  
  120  9:44  Probe x3  
  107  10:00  High Templar x3  
  107  10:01  High Templar  
  107  10:03  High Templar x3  
  107  10:04  High Templar  
  107  10:06  Archon x2  
  123  10:07  Archon, Immortal  
  123  10:08  Archon  
  123  10:13  Probe x2  
  123  10:14  Probe  
  130  10:40  Zealot x7  
  130  10:41  Zealot  
  114  11:03  Stalker x4  
  114  11:04  Stalker x4  
Show
View Real Time Build Order
Export as new Build Order

Blunty Terran - Winner!

Build Orders: Reaper Expand 

Get SALT Encoding   

  12  0:13  SCV  
  13  0:24  Supply Depot  
  13  0:25  SCV  
  14  0:37  SCV  
  15  0:48  Barracks  
  15  0:49  SCV  
  16  0:56  Refinery  
  16  1:01  SCV  
  17  1:13  SCV  
  18  1:25  SCV  
  19  1:40  Reaper  
  19  1:41  Orbital Command  
  20  1:49  Command Center  
  20  2:02  Barracks  
  20  2:07  SCV  
  21  2:13  Refinery  
  21  2:19  SCV  
  21  2:20  Supply Depot  
  22  2:25  Barracks Reactor  
  22  2:31  SCV  
  23  2:43  SCV  
  24  2:50  Factory  
  24  2:56  Barracks Tech Lab, SCV  
  25  3:08  SCV  
  26  3:21  Marine  
  26  3:22  Stimpack, Marine x2  
  29  3:33  SCV x2  
  31  3:38  Factory Tech Lab  
  31  3:39  Marine x2  
  31  3:40  Starport, Marine  
  34  3:45  SCV x2  
  36  3:57  Marine x3, SCV x2  
  41  4:06  Factory Reactor  
  41  4:08  Supply Depot  
  41  4:09  SCV x2  
  43  4:12  Supply Depot  
  43  4:16  Marine  
  43  4:17  Marine  
  44  4:18  Marine  
  46  4:29  Medivac, SCV x2  
  50  4:34  Marine x2  
  50  4:36  Marine  
  50  4:38  Refinery  
  53  4:40  Refinery  
  53  4:41  SCV x2  
  54  4:56  Marine x3  
  59  5:00  Widow Mine  
  59  5:06  Engineering Bay  
  59  5:07  Engineering Bay, SCV  
  61  5:08  Armory  
  61  5:10  Orbital Command  
  61  5:13  Medivac  
  62  5:23  Supply Depot x2  
  62  5:29  Supply Depot  
  62  5:35  Terran Infantry Weapons Level 1, Terran Infantry Armor Level 1  
  62  5:40  Combat Shield  
  62  5:44  Marine x2  
  62  5:45  Medivac, SCV  
  67  6:05  Marine x2  
  67  6:06  Marine  
  67  6:07  Medivac, Widow Mine  
  74  6:15  Medivac  
  74  6:18  Drilling Claws  
  76  6:20  SCV x2  
  76  6:23  Marine x2  
  80  6:28  Widow Mine  
  80  6:30  Marine  
  80  6:32  SCV x2  
  85  6:41  Marine  
  86  6:55  SCV x2  
  86  6:56  Marine  
  86  6:57  Marine  
  86  6:59  Marine  
  85  7:07  SCV  
  86  7:10  Barracks  
  86  7:12  Barracks x2  
  86  7:13  Barracks  
  86  7:14  Barracks  
  86  7:16  Barracks, Supply Depot  
  86  7:17  Supply Depot  
  86  7:18  Supply Depot  
  86  7:32  Missile Turret  
  86  7:35  Missile Turret  
  86  7:37  Marine x3, Widow Mine  
  86  7:40  Medivac x2, Missile Turret  
  95  7:46  Missile Turret  
  95  7:55  Marine x2  
  93  8:07  Marine  
  94  8:12  Marine x2  
  94  8:16  Terran Infantry Weapons Level 2, Terran Infantry Armor Level 2  
  96  8:24  Marine  
  97  8:28  Marine  
  97  8:29  Marine x5  
  97  8:30  Marine x2  
  105  8:42  Marine  
  105  8:46  Marine x2, Supply Depot  
  105  8:47  Marine  
  105  8:48  Supply Depot x2  
  109  8:56  Command Center  
  109  9:11  Marauder, Marine x5  
  104  9:29  Marine  
  104  9:30  Marine x6  
  104  9:31  Marine  
  112  9:33  Marauder  
  113  9:47  Marine x2  
  113  9:48  Marine  
  116  9:54  Marauder  
  116  9:57  Marine x3  
  116  9:58  Marine x2  
  123  10:05  Marine x3  
  126  10:15  Marine x4  
  126  10:16  Marauder, Marine  
  133  10:23  Marine x3  
  136  10:33  Marine  
  137  10:38  Marine  
  137  10:39  Marine x4  
  137  10:41  Marine x3  
  141  10:44  Supply Depot  
  141  10:51  Marine  
Tags
 
Add a new tag
Caveats
  • Supply blocks, unpowered buildings, or Contaminate may cause inaccurate times.
  • Supply counts are checked every 10 seconds.